Map: Orbital Shipyard

Players

State - Winner!

  • Race: Protoss Protoss
  • League: Grandmaster

llllllllllll

  • Race: Zerg Zerg
  • League: Master

VOD

Have the link to the VOD?

Description

Time

  • Played on: Jan. 13, 2016, 2:24 a.m.
  • Length: 14:23
Show
View Real Time Build Order
Export as new Build Order

State Protoss - Winner!

Build Orders: Nexus First 

Get SALT Encoding   

  12  0:02  Probe (Chrono Boost)  
  13  0:12  Probe (Chrono Boost)  
  14  0:18  Pylon  
  14  0:23  Probe (Chrono Boost)  
  15  0:36  Probe (Chrono Boost)  
  16  0:47  Probe (Chrono Boost)  
  17  0:58  Nexus  
  17  1:00  Probe (Chrono Boost)  
  18  1:11  Gateway  
  18  1:14  Probe (Chrono Boost)  
  19  1:20  Assimilator  
  19  1:25  Probe (Chrono Boost)  
  20  1:27  Assimilator  
  20  1:36  Probe (Chrono Boost)  
  21  1:40  Gateway  
  21  1:46  Probe (Chrono Boost)  
  22  1:57  Probe (Chrono Boost)  
  22  1:59  Cybernetics Core  
  23  2:10  Probe (Chrono Boost)  
  23  2:11  Probe (Chrono Boost)  
  25  2:21  Probe x2 (Chrono Boost)  
  27  2:31  Probe (Chrono Boost)  
  27  2:32  Probe (Chrono Boost)  
  27  2:36  Adept x2 (Chrono Boost), Warp Gate  
  33  2:42  Probe  
  33  2:43  Probe, Pylon  
  35  2:54  Probe (Chrono Boost)  
  35  2:55  Probe (Chrono Boost)  
  37  3:01  Sentry x2  
  42  3:05  Probe (Chrono Boost), Pylon  
  42  3:06  Probe (Chrono Boost)  
  43  3:16  Mothership Core (Chrono Boost)  
  43  3:17  Probe (Chrono Boost)  
  46  3:27  Probe (Chrono Boost)  
  47  3:35  Probe (Chrono Boost)  
  47  3:38  Probe (Chrono Boost)  
  49  3:43  Sentry, Adept  
  49  3:45  Probe (Chrono Boost)  
  49  3:47  Nexus, Pylon  
  54  3:52  Assimilator  
  54  3:54  Assimilator  
  54  3:56  Gateway  
  54  3:57  Gateway  
  54  3:59  Pylon  
  54  4:04  Pylon  
  54  4:06  Probe x2 (Chrono Boost)  
  56  4:16  Probe x2 (Chrono Boost)  
  58  4:20  Pylon  
  58  4:22  Stargate  
  58  4:26  Stargate  
  58  4:27  Probe x2 (Chrono Boost)  
  60  4:37  Probe x2 (Chrono Boost)  
  62  4:44  Adept x2  
  66  4:48  Probe x2 (Chrono Boost)  
  66  4:51  Robotics Facility  
  68  4:53  Twilight Council  
  68  4:58  Probe x2 (Chrono Boost)  
  68  4:59  Probe (Chrono Boost)  
  71  5:00  Pylon  
  71  5:08  Probe (Chrono Boost)  
  71  5:09  Probe x2 (Chrono Boost)  
  71  5:10  Phoenix x2 (Chrono Boost)  
  78  5:17  Forge  
  78  5:18  Probe  
  78  5:21  Probe  
  80  5:22  Assimilator  
  80  5:24  Assimilator  
  80  5:25  Probe  
  81  5:28  Probe  
  81  5:33  Phoenix x2 (Chrono Boost)  
  81  5:34  Probe  
  87  5:36  Warp Prism (Chrono Boost)  
  87  5:37  Probe  
  87  5:40  Probe  
  91  5:47  Probe  
  91  5:49  Charge (Chrono Boost)  
  92  5:51  Probe x2  
  92  5:52  Pylon  
  92  5:55  Protoss Ground Weapons Level 1, Pylon  
  94  6:00  Phoenix x2 (Chrono Boost)  
  98  6:07  Probe x2  
  98  6:10  Pylon  
  100  6:14  Pylon  
  100  6:21  Immortal  
  100  6:29  Robotics Bay  
  100  6:37  Gateway x2  
  100  6:39  Gateway  
  100  6:40  Gateway  
  100  6:43  Gateway  
  100  6:48  Gateway x2  
  100  6:50  Templar Archives  
  100  6:54  Zealot x4  
  100  6:58  Observer  
  109  7:02  Phoenix x2  
  109  7:03  Probe  
  114  7:24  Pylon  
  114  7:29  Phoenix x2  
  114  7:31  Warp Prism  
  114  7:32  Protoss Ground Weapons Level 2  
  114  7:34  Zealot x7  
  114  7:35  Zealot  
  122  7:38  Gravitic Drive  
  122  7:43  Blink (Chrono Boost)  
  122  7:49  Gateway  
  122  7:52  Zealot x3  
  128  7:59  Phoenix  
  128  8:02  Oracle  
  133  8:10  Immortal, Nexus  
  133  8:11  High Templar x2  
  137  8:13  Pylon x2  
  137  8:16  Archon  
  135  8:43  Zealot x9  
  135  8:45  Pylon  
  153  8:48  Pylon  
  153  8:49  Pylon  
  153  8:52  Disruptor, Pylon  
  153  8:59  Robotics Facility  
  156  9:05  Pylon  
  156  9:08  Photon Cannon  
  152  9:19  Zealot x2  
  152  9:20  Zealot x6  
  149  9:30  Zealot x4  
  137  9:37  Immortal (Chrono Boost)  
  109  9:39  Void Ray x2  
  119  9:53  Immortal (Chrono Boost)  
  119  9:55  Probe x3  
  119  9:56  Zealot, High Templar x3  
  119  9:57  High Templar  
  132  10:03  Probe, Archon  
  132  10:04  Archon  
  133  10:07  Probe  
  133  10:09  Zealot x7  
  133  10:12  Protoss Ground Weapons Level 3  
  146  10:26  Zealot  
  130  10:30  Zealot x6  
  138  10:42  Zealot x2  
  132  10:49  Zealot x4  
  126  10:57  Immortal x2 (Chrono Boost), Assimilator  
  134  10:58  High Templar x2, Assimilator  
  134  10:59  High Templar x2  
  134  11:02  Oracle  
  145  11:10  Protoss Air Weapons Level 1  
  143  11:13  Probe x3  
  143  11:16  Archon  
  143  11:17  Archon  
  143  11:18  High Templar x2  
  148  11:19  Zealot x6  
  148  11:24  Archon  
  162  11:31  Warp Prism x2 (Chrono Boost)  
  166  11:39  Zealot x3  
  172  11:44  Pylon  
  141  12:09  Probe x3  
  141  12:13  Immortal x2 (Chrono Boost)  
  140  12:28  Zealot x5  
  140  12:29  Zealot x3  
  143  12:30  Zealot  
  145  12:47  Immortal x2 (Chrono Boost)  
  153  12:52  Pylon, Photon Cannon  
  153  12:58  Zealot x10  
  163  12:59  Zealot  
  163  13:00  Probe  
  163  13:03  Pylon  
  163  13:05  Pylon  
  174  13:08  Observer Gravitic Boosters  
  170  13:21  Nexus, Observer x2 (Chrono Boost)  
  170  13:25  High Templar x5  
  170  13:26  High Templar  
  170  13:27  High Templar x5  
  186  13:29  High Templar  
  186  13:30  Archon  
  186  13:31  Archon x4  
  186  13:33  Archon  
  196  13:40  Pylon  
  196  13:42  Pylon  
  196  13:43  Pylon  
  196  13:51  Probe  
  160  14:21  Stalker x12  
Show
View Real Time Build Order
Export as new Build Order

llllllllllll Zerg 

Build Orders: 3 Hatch before Pool, Lurkers 

Get SALT Encoding   

  12  0:00  Drone  
  13  0:12  Overlord  
  13  0:17  Drone  
  14  0:30  Drone x2  
  14  0:34  Drone  
  17  0:52  Hatchery  
  17  0:54  Drone  
  18  0:57  Drone  
  18  1:16  Hatchery  
  17  1:20  Drone  
  17  1:23  Drone  
  19  1:26  Extractor  
  18  1:38  Spawning Pool  
  17  1:41  Drone  
  17  1:45  Drone  
  19  1:49  Drone  
  20  2:00  Drone  
  21  2:04  Drone  
  22  2:11  Drone  
  22  2:15  Drone  
  24  2:25  Queen x2  
  24  2:27  Metabolic Boost  
  28  2:32  Drone  
  28  2:33  Drone  
  28  2:35  Drone  
  31  2:39  Overlord  
  31  2:45  Queen  
  31  2:49  Drone  
  34  2:59  Zergling x2  
  34  3:00  Queen, Zergling x2  
  34  3:02  Zergling x2  
  34  3:04  Overlord  
  39  3:06  Drone  
  39  3:09  Drone  
  39  3:10  Drone  
  42  3:13  Overlord  
  42  3:24  Drone x4  
  46  3:28  Overlord  
  45  3:35  Drone x4  
  45  3:36  Drone  
  45  3:37  Drone  
  45  3:40  Drone  
  45  3:41  Drone  
  52  3:42  Drone  
  53  3:48  Drone x2  
  53  3:49  Extractor  
  53  3:50  Drone  
  53  3:54  Drone  
  53  3:55  Drone x2  
  58  3:56  Drone  
  58  3:58  Drone  
  60  4:05  Drone  
  60  4:07  Lair, Drone  
  60  4:09  Drone x2  
  64  4:10  Drone x2  
  64  4:12  Extractor  
  64  4:15  Overlord  
  64  4:16  Overlord  
  64  4:22  Drone, Roach Warren  
  64  4:23  Extractor  
  63  4:25  Drone x2  
  63  4:26  Extractor  
  63  4:28  Overlord  
  64  4:34  Drone  
  64  4:35  Drone x4  
  69  4:43  Evolution Chamber, Drone  
  69  4:44  Drone x2  
  69  4:45  Drone  
  72  4:46  Evolution Chamber  
  72  4:47  Drone  
  72  4:49  Drone x2  
  72  4:50  Drone, Extractor  
  74  5:00  Drone x2  
  74  5:01  Drone  
  74  5:05  Hydralisk Den, Glial Reconstitution  
  76  5:07  Overseer  
  76  5:08  Zerg Missile Weapons Level 1  
  76  5:11  Zerg Ground Armor Level 1  
  76  5:17  Drone x3  
  76  5:19  Overlord x3  
  76  5:21  Overlord  
  79  5:26  Hatchery  
  78  5:35  Lurker Den, Hydralisk x3  
  78  5:42  Hydralisk x3  
  86  5:46  Overlord x2  
  86  5:49  Hydralisk  
  90  5:50  Hydralisk  
  90  5:54  Hydralisk x2  
  98  5:59  Hydralisk x2  
  98  6:02  Overseer  
  102  6:04  Overlord x2  
  102  6:09  Spore Crawler  
  102  6:10  Spore Crawler  
  102  6:11  Spore Crawler, Drone  
  99  6:12  Drone  
  101  6:28  Drone  
  101  6:31  Infestation Pit  
  101  6:34  Drone x5  
  101  6:35  Drone x9  
  115  6:47  Hatchery, Overlord x2  
  115  6:48  Overlord x2  
  115  6:49  Pneumatized Carapace  
  114  6:57  Hydralisk  
  114  6:58  Hydralisk x4  
  124  7:07  Queen  
  122  7:20  Hive, Zerg Ground Armor Level 2  
  122  7:21  Zerg Melee Weapons Level 1  
  115  7:25  Drone x2  
  115  7:26  Extractor  
  115  7:27  Spore Crawler, Extractor, Drone x2  
  115  7:28  Spine Crawler  
  108  7:35  Drone x7  
  108  7:36  Drone x4  
  116  7:37  Drone  
  116  7:38  Drone  
  116  7:42  Hydralisk x2  
  122  7:47  Muscular Augments  
  122  7:55  Lurker x5  
  126  7:59  Lurker  
  126  8:01  Queen  
  126  8:04  Spore Crawler  
  128  8:08  Spore Crawler  
  128  8:09  Roach  
  128  8:10  Roach x7  
  144  8:16  Roach x5  
  154  8:22  Roach  
  154  8:26  Overlord x3  
  156  8:35  Ultralisk Cavern  
  153  8:48  Hydralisk x6  
  165  8:59  Spire  
  164  9:04  Overlord  
  164  9:06  Adrenal Glands  
  162  9:19  Hydralisk x5  
  151  9:27  Roach x16  
  162  9:35  Hydralisk  
  162  9:36  Hydralisk x3  
  146  9:43  Roach x6  
  146  9:44  Zergling x6  
  146  9:45  Zergling x2  
  151  9:59  Lurker x2  
  153  10:00  Lurker  
  153  10:04  Zergling x18  
  163  10:12  Hatchery  
  151  10:28  Hydralisk x7  
  142  10:29  Hydralisk x2  
  154  10:37  Hydralisk x3  
  154  10:40  Hydralisk  
  106  10:50  Hydralisk x4  
  114  10:57  Hydralisk x2  
  118  11:10  Lurker x2  
  116  11:11  Drone  
  116  11:12  Drone x2  
  119  11:21  Roach x9  
  119  11:25  Drone  
  138  11:27  Lurker  
  138  11:30  Overseer  
  139  11:37  Roach x5  
  149  11:43  Lurker  
  135  11:55  Roach  
  135  11:56  Roach x12  
  133  12:06  Roach  
  133  12:07  Roach x6  
  142  12:20  Roach  
  142  12:21  Roach x6  
  156  12:29  Roach x4  
  128  12:40  Lurker  
  128  12:42  Lurker  
  130  12:48  Hatchery  
  130  12:50  Hydralisk x3  
  135  13:02  Hydralisk x3  
  141  13:18  Hydralisk  
  141  13:19  Hydralisk x3  
  145  13:21  Lurker  
  145  13:23  Lurker  
  147  13:44  Hatchery  
  147  13:47  Lurker  
  147  13:48  Lurker  
  148  14:02  Lurker x4  
Tags
 
Add a new tag
Caveats
  • Supply blocks, unpowered buildings, or Contaminate may cause inaccurate times.
  • Supply counts are checked every 10 seconds.